 Dungeon Crawl Stone Soup version 0.19.0 (webtiles) character file.

6836 CanadianGator the Severer (level 11, -2/102 HPs)
             Began as a Hill Orc Berserker on Nov 16, 2016.
             Was a High Priest of Trog.
             Slain by an orc knight
             ... wielding a +0 war axe
              (11 damage)
             ... on level 1 of the Orcish Mines.
             The game lasted 00:37:08 (8036 turns).

CanadianGator the Severer (Hill Orc Berserker)      Turns: 8036, Time: 00:37:08

Health: -2/102     AC: 18    Str: 30    XL:     11   Next: 5%
Magic:  11/11      EV: 12    Int: 14    God:    Trog [*****.]
Gold:   565        SH:  2    Dex: 10    Spells: 0 memorised, 10 levels left

rFire  . . .     SeeInvis .     f - +10 battleaxe "Somituw" {chop, *Noise Int+9}
rCold  . . .     Gourm    .     N - +0 ring mail of the Republic {*Contam rElec Str+4}
rNeg   . . .     Faith    .     (shield currently unavailable)
rPois  .         Spirit   .     k - +1 helmet
rElec  +         Reflect  +     p - +0 cloak
rCorr  .         Harm     .     (no gloves)
MR     ++...                    x - +2 pair of boots
Stlth  ..........               Q - +2 amulet of reflection
                                J - ring of protection from magic
                                F - +5 ring of protection

@: no status effects
A: fangs 1, dopey 1, magic resistance 1, robust 1, strong 1
a: Berserk, Trog's Hand, Brothers in Arms, Burn Spellbooks, Renounce Religion


You were on level 1 of the Orcish Mines.
You worshipped Trog.
Trog was extremely pleased with you.
You were near starving.

You visited 2 branches of the dungeon, and saw 10 of its levels.

You collected 565 gold pieces.

Inventory:

Hand Weapons
 f - the +10 battleaxe "Somituw" (weapon) {chop, *Noise Int+9}
   (Trog gifted it to you on level 8 of the Dungeon)

   It inflicts extra damage upon your enemies.
   It affects your intelligence (+9).
   It may make noises in combat.
 t - a +1 hand axe of holy wrath
 M - a +2 hand axe of flaming
Armour
 h - a +0 plate armour
 k - a +1 helmet (worn)
 p - a +0 cloak (worn)
 x - a +2 pair of boots (worn)
 N - the +0 ring mail of the Republic (worn) {*Contam rElec Str+4}
   (You found it on level 8 of the Dungeon)

   It affects your strength (+4).
   It insulates you from electricity.
   It causes magical contamination when unequipped.
Jewellery
 n - an uncursed ring of fire
 F - a +5 ring of protection (left hand)
 I - an uncursed amulet of guardian spirit
 J - a ring of protection from magic (right hand)
 K - an uncursed ring of ice
 Q - a +2 amulet of reflection (around neck)
Wands
 s - a wand of disintegration (10/24)
 v - a wand of lightning (11/15)
 A - a wand of hasting (4/9)
 C - a wand of disintegration (6/24)
Scrolls
 a - a scroll of vulnerability {unknown}
 e - a scroll of fog
 l - 4 scrolls of teleportation
 o - a scroll of magic mapping {unknown}
 G - a scroll of enchant weapon {unknown}
 O - a scroll of blinking
 R - a scroll of brand weapon {unknown}
Potions
 b - 2 potions of might
 d - 2 potions of flight
 i - 2 potions of haste
 j - 3 potions of magic
 m - 2 potions of resistance
 u - a potion of berserk rage
 z - a potion of brilliance
 B - a potion of curing
 E - a potion of invisibility
 H - a potion of agility
Miscellaneous
 y - a sack of spiders
 P - a crystal ball of energy
Comestibles
 c - 4 bread rations
 g - 5 fruits
 q - 2 royal jellies
 r - a beef jerky
 D - 3 meat rations


   Skills:
 + Level 7.7 Fighting
 * Level 16.0 Axes
 * Level 8.0 Armour
 + Level 2.9 Dodging
   Level 4.6 Shields


You had 10 spell levels left.
You didn't know any spells.

Dungeon Overview and Level Annotations

Branches:
Dungeon (9/15)             Temple (0/1) D:5            Lair (0/6) D:8
    Orc (1/2) D:9

Altars:
Hepliaklqana
Kikubaaqudgha
Nemelex Xobeh
Uskayaw
Vehumet
Zin

Shops:
D:4 *


Innate Abilities, Weirdness & Mutations

You have very sharp teeth.
You are dopey. (Int -2)
You are resistant to hostile enchantments. (MR+)
You are robust. (+10% HP)
Your muscles are strong. (Str +2)


Message History

* * * LOW HITPOINT WARNING * * *
You feel better. The orc warrior barely misses you.
Your ring mail of the Republic prevents you from hitting the orc knight.
You hear a muffled joke.
You slice the orc!!
Your battleaxe "Somituw" goes snicker-snack!
You kill the orc!
Trog accepts your kill.
You barely miss the orc warrior. You completely miss the orc knight.
You hit the orc warrior but do no damage.
You slash the orc warrior! The orc knight hits you with a war axe.
* * * LOW HITPOINT WARNING * * *
The orc warrior hits you with a halberd!
* * * LOW HITPOINT WARNING * * *
The orc warrior barely misses you.
The orc warrior hits you from afar with a halberd!
* * * LOW HITPOINT WARNING * * *
You feel better. The orc knight hits you with a war axe!
You die...

##..... ## ##
...##.#...##$##..##
...........<......#
.#..##.....#(.....#.
....##....(........
...........(........
#.##....$.(.........
.........(>.........
......oo@......#....
...∩...)o.$.........
.#....)......#.#..#.
...................
..#..........#.#..#
...#...........###
.. ##.#...##.... .
###...# .... .....
..


You could see an orc knight and 2 orc warriors.

Vanquished Creatures
  A cyclops (Orc:1)
  3 polar bears (D:8)
  A hornet (D:9)
  A hippogriff (D:7)
  A wyvern (D:9)
  A warg (Orc:1)
  Duvessa (D:5)
  2 water moccasins
  A sky beast (D:5)
  3 black bears
  An ice beast (D:8)
  6 ogres
  3 orc warriors
  A phantom (D:6)
  A wolf (D:8)
  6 necrophages (D:7)
  2 centaurs
  3 crocodiles (D:8)
  3 big kobolds
  8 bullfrogs
  Dowan (D:5)
  A hornet simulacrum (D:8)
  A wyvern skeleton (D:6)
  2 water moccasin skeletons
  3 wights (D:7)
  4 howler monkeys
  2 crimson imps
  A bullfrog zombie (D:5)
  4 hounds
  A jelly (D:8)
  9 orc wizards
  A bullfrog skeleton (D:7)
  4 orc priests
  An iguana (D:6)
  5 worker ants
  2 centaur simulacra (D:8)
  A hound skeleton (D:4)
  4 mummies (D:7)
  2 worker ant zombies
  9 gnolls
  A howler monkey skeleton (D:6)
  8 adders
  2 river rats (D:8)
  5 white imps (D:8)
  A howler monkey simulacrum (D:8)
  3 ufetubi (D:8)
  3 adder zombies
  2 oozes
  An adder skeleton (D:6)
  A worm (D:3)
  3 leopard geckos
  38 orcs
  2 giant cockroaches
  5 goblins
  5 hobgoblins
  8 jackals
  14 kobolds
  4 quokkas
  A ball python (D:1)
  16 bats
  A frilled lizard (D:2)
  A leopard gecko simulacrum (D:8)
  11 rats
  3 fungi (D:8)
  2 plants (D:8)
248 creatures vanquished.

Vanquished Creatures (others)
  5 fungi (D:8)
5 creatures vanquished.

Grand Total: 253 creatures vanquished

Notes
Turn   | Place    | Note
-------+----------+-------------------------------------------
     0 | D:1      | CanadianGator the Hill Orc Berserker began the quest for the Orb.
     0 | D:1      | Reached XP level 1. HP: 19/19 MP: 1/1
   175 | D:1      | Reached XP level 2. HP: 24/27 MP: 2/2
   390 | D:2      | Reached XP level 3. HP: 29/33 MP: 3/3
   408 | D:2      | Reached skill level 5 in Axes
   479 | D:2      | Found a faded altar of an unknown god.
   500 | D:2      | Reached ** piety under Trog
   505 | D:2      | Reached XP level 4. HP: 24/40 MP: 4/4
   850 | D:2      | Found a hazy altar of Hepliaklqana.
  1132 | D:3      | Found an ancient bone altar of Kikubaaqudgha.
  1146 | D:3      | Found a radiant altar of Vehumet.
  1187 | D:3      | Reached XP level 5. HP: 40/47 MP: 5/5
  1261 | D:3      | Found a sparkling altar of Nemelex Xobeh.
  1443 | D:3      | Reached skill level 6 in Axes
  1850 | D:4      | Found a hide-covered altar of Uskayaw.
  1888 | D:4      | Found Naviuvef's General Store.
  1907 | D:4      | Reached skill level 7 in Axes
  1907 | D:4      | Reached XP level 6. HP: 11/53 MP: 6/6
  2421 | D:4      | Reached skill level 8 in Axes
  2440 | D:4      | Reached XP level 7. HP: 45/60 MP: 7/7
  2743 | D:5      | Entered Level 5 of the Dungeon
  2778 | D:5      | Reached skill level 5 in Fighting
  2782 | D:5      | Reached skill level 9 in Axes
  2791 | D:5      | Gained mutation: You are dopey. (Int -2) [mutagenic meat]
  2792 | D:5      | Gained mutation: You have very sharp teeth. [mutagenic meat]
  2793 | D:5      | Gained mutation: You are robust. (+10% HP) [mutagenic meat]
  2794 | D:5      | Gained mutation: You are resistant to hostile enchantments. (MR+) [mutagenic meat]
  2795 | D:5      | Gained mutation: Your muscles are strong. (Str +2) [mutagenic meat]
  2964 | D:5      | Noticed Duvessa
  2965 | D:5      | Noticed Dowan
  2972 | D:5      | Killed Duvessa
  2997 | D:5      | Killed Dowan
  2997 | D:5      | Reached XP level 8. HP: 8/74 MP: 8/8
  3278 | D:5      | Found a staircase to the Ecumenical Temple.
  3316 | D:5      | Reached skill level 10 in Axes
  3542 | D:5      | Reached skill level 5 in Armour
  3874 | D:6      | Reached *** piety under Trog
  3938 | D:6      | Reached skill level 1 in Shields
  4218 | D:6      | Reached skill level 11 in Axes
  4831 | D:7      | Reached XP level 9. HP: 82/82 MP: 9/9
  4849 | D:7      | Reached skill level 12 in Axes
  4873 | D:7      | Reached **** piety under Trog
  5221 | D:7      | Found a glowing silver altar of Zin.
  5341 | D:7      | Reached skill level 13 in Axes
  6086 | D:8      | Got a dazzling ring mail
  6097 | D:8      | Identified the cursed +0 ring mail of the Republic {*Contam rElec Str+4} (You found it on level 8 of the Dungeon)
  6195 | D:8      | Reached XP level 10. HP: 89/91 MP: 10/10
  6320 | D:8      | Reached ***** piety under Trog
  6327 | D:8      | Found a staircase to the Lair.
  6496 | D:8      | Reached skill level 14 in Axes
  6656 | D:8      | Received a gift from Trog
  6666 | D:8      | Got a jewelled battleaxe {god gift}
  6673 | D:8      | Identified the +10 battleaxe "Somituw" {chop, *Noise Int+9} (Trog gifted it to you on level 8 of the Dungeon)
  7449 | D:9      | Reached skill level 15 in Axes
  7880 | D:9      | Found a staircase to the Orcish Mines.
  8017 | Orc:1    | Entered Level 1 of the Orcish Mines
  8020 | Orc:1    | Noticed a cyclops
  8026 | Orc:1    | Noticed an orc knight
  8028 | Orc:1    | Reached XP level 11. HP: 49/102 MP: 11/11
  8030 | Orc:1    | Killed a cyclops
  8030 | Orc:1    | Received a gift from Trog
  8030 | Orc:1    | Reached skill level 16 in Axes
  8035 | Orc:1    | HP: 3/102 [orc warrior/halberd[an orc knight] (15)]
  8036 | Orc:1    | Slain by an orc knight

Skill      XL: |  1  2  3  4  5  6  7  8  9 10 11 |
---------------+----------------------------------+-----
Fighting       | 4 5 6 7 |  7.7
Axes           | 5 7 8 9 11 13 15 16 | 16.0
Dodging        | 2 |  2.9
Armour         | 3 4 5 6 7 8 |  8.0
Shields        | 2 3 4 |  4.6

Action                   |  1- 3 |  4- 6 |  7- 9 | 10-12 || total
-------------------------+-------+-------+-------+-------++-------
Melee: Hand axe          |    76 |    46 |   251 |    87 ||   460
       War axe           |       |    71 |   111 |       ||   182
       Bite              |       |       |    47 |    23 ||    70
       Battleaxe         |       |       |       |    90 ||    90
Invok: Burn Spellbooks   |       |     1 |       |     1 ||     2
       Berserk           |       |       |     1 |     1 ||     2
  Use: Scroll            |       |     9 |    10 |     4 ||    23
       Potion            |       |     1 |       |     3 ||     4
  Eat: Chunk             |       |     4 |    13 |     7 ||    24
       Bread ration      |       |       |     1 |       ||     1
Armor: Animal skin       |     7 |       |       |       ||     7
       Plate armour      |    59 |    79 |   215 |       ||   353
       Ring mail         |       |       |    13 |    69 ||    82
Dodge: Dodged            |    46 |    41 |    84 |    86 ||   257
Block: Shield            |       |       |   155 |    55 ||   210
       Other             |       |       |       |     2 ||     2
